 Dungeon Crawl Stone Soup version 0.14-a0-1817-gb992dfe (webtiles) character file.

127 Jenx the Cudgeler (level 3, -2/21 HPs)
             Began as a Gargoyle Skald on Jan 10, 2014.
             Slain by a worm (3 damage)
             ... on Level 2 of the Dungeon.
             The game lasted 00:03:08 (981 turns).

Jenx the Cudgeler (Gargoyle Skald)                   Turns: 981, Time: 00:03:08

HP  -2/21        AC  6     Str 15      XL: 3   Next: 66%
MP   6/6         EV 10     Int 13      God:
Gold 81          SH  0     Dex  9      Spells:  1 memorised,  5 levels left

rFire  . . .     SeeInvis .     a - +0 mace
rCold  . . .     Clarity  .     b - +0 leather armour
rNeg   + . .     Conserve .     (no shield)
rPois  +         rCorr    .     (no helmet)
rElec  +         rRot     +     (no cloak)
SustAb . .       Spirit   .     (no gloves)
rMut   .         Warding  .     (no boots)
Saprov . . .     Stasis   .     (no amulet)
                                (no ring)
                                (no ring)

@: not resistant to hostile enchantments, very unstealthy
A: life protection 1, electricity resistance, unbreathing, petrification
resistance, AC +3
a: no special abilities


You were on level 2 of the Dungeon.
You were not hungry.

You visited 1 branch of the dungeon, and saw 2 of its levels.

You collected 81 gold pieces.

Inventory:

Hand weapons
 a - a +0,+0 mace (weapon)
 u - a +2,+3 dwarven dagger
Missiles
 f - 6 poisoned needles
 h - 2 needles of sleeping
 s - 11 darts (quivered)
Armour
 b - a +0 leather armour (worn)
Comestibles
 d - a bread ration
 o - 2 rotting chunks of hobgoblin flesh
 t - 2 rotting chunks of kobold flesh
 w - a chunk of giant newt flesh
 x - 2 chunks of hobgoblin flesh
Scrolls
 e - a scroll of identify {unknown}
 g - 2 scrolls of remove curse {unknown}
 i - a scroll of curse armour {unknown}
 m - a scroll of recharging {unknown}
 n - a scroll of curse jewellery {unknown}
 p - a scroll of blinking {unknown}
 v - a scroll of enchant weapon II {unknown}
Jewellery
 k - an uncursed amulet of stasis {unknown}
Potions
 j - 2 potions of restore abilities {unknown}
 l - a potion of curing {unknown}
Books
 c - a book of Battle

   Spells                             Type                      Level
   *Infusion                          Charms                       1
   Shroud of Golubria                 Charms/Translocation         2
   Song of Slaying                    Charms                       2
   Spectral Weapon                    Hexes/Charms                 3
   Regeneration                       Charms/Necromancy            3


   Skills:
 - Level 2.1 Fighting
 + Level 4.1 Maces & Flails
 - Level 1.1 Armour
 - Level 1.0 Dodging
 - Level 2.0 Spellcasting
 - Level 2.6 Charms


You had 5 spell levels left.
You knew the following spells:

 Your Spells              Type           Power        Failure   Level  Hunger
a - Infusion              Chrm           #.....       10%         1    ##.....


Dungeon Overview and Level Annotations

Branches:
Dungeon (2/16)

Altars:
Sif Muna


Innate Abilities, Weirdness & Mutations

You are resistant to torment.
You are immune to poison.
Your stone body is very resilient (AC +3).
You resist negative energy.
You are resistant to electric shocks.
You can survive without breathing.
You are immune to petrification.


Message History

Aim: a worm You throw a dart.
The dart hits the worm.
You hit the worm.
The worm is lightly wounded.
You hit the worm but do no damage.
The worm is lightly wounded.
The worm bites you but does no damage.
You hit the worm.
The worm is lightly wounded.
The worm bites you.
You barely miss the worm.
The worm is lightly wounded.
The worm bites you!
* * * LOW HITPOINT WARNING * * *
You hit the worm.
The worm is moderately wounded.
You hit the worm but do no damage.
The worm is moderately wounded.
The worm bites you.
You die...

...........# #.# #......
...........###.## #......
##....).........# #.....
######)##......# #....# ..
#.##......###....##...
#.##................ ..
#.##.......##....#
....###.##.......##....##...
................@w(?.........
....###.##.......########...
....###.######.#.# .
.............#.#.#
..........##.#.#.#
............<#b#.#
.............#.#.#
........###.#..#. #####...
..#.# #


You could see a worm.

Vanquished Creatures
  Terence (D:2)
  An adder (D:2)
  A giant mite (D:1)
  A goblin (D:1)
  6 hobgoblins
  3 bats
  A giant cockroach (D:1)
  A giant newt (D:2)
  2 kobolds (D:1)
  4 rats (D:1)
21 creatures vanquished.

Notes
Turn   | Place    | Note
--------------------------------------------------------------
     0 | D:1      | Jenx, the Gargoyle Skald, began the quest for the Orb.
     0 | D:1      | Reached XP level 1. HP: 12/12 MP: 3/3
    73 | D:1      | Reached skill level 1 in Dodging
   203 | D:1      | Reached XP level 2. HP: 8/17 MP: 4/4
   518 | D:1      | Reached skill level 3 in Maces & Flails
   523 | D:1      | Found a deep blue altar of Sif Muna.
   834 | D:2      | Reached XP level 3. HP: 21/21 MP: 6/6
   846 | D:2      | Noticed Terence
   865 | D:2      | Killed Terence
   865 | D:2      | Reached skill level 4 in Maces & Flails
   979 | D:2      | HP: 1/21 [worm (8)]
   981 | D:2      | Slain by a worm

Action                   || total
-------------------------++-------
Melee: Mace              ||    87
Throw: Dart              ||     4
 Cast: Infusion          ||     1
